 Dungeon Crawl Stone Soup version 0.21.0-3-g78d12a8 (webtiles) character file.

14639 vatarom the Cleaver (level 12, -9/104 HPs)
             Began as a Hill Orc Fighter on Jan 16, 2018.
             Was an Elder of Beogh.
             Mangled by a phantasmal warrior (13 damage)
             ... led by a death knight
             ... on level 12 of the Dungeon.
             The game lasted 00:24:20 (12009 turns).

vatarom the Cleaver (Hill Orc Fighter)             Turns: 12009, Time: 00:24:21

Health: -9/104     AC: 13    Str: 25    XL:     12   Next: 18%
Magic:  17/17      EV:  9    Int:  9    God:    Beogh [****..]
Gold:   613        SH: 13    Dex: 10    Spells: 11/11 levels left

rFire    + + .     SeeInvis +   a - +1 war axe (vamp)
rCold    . . .     Gourm    .   o - +1 shield {rN+}
rNeg     + . .     Faith    .   b - +0 scale mail
rPois    .         Spirit   .   (no helmet)
rElec    .         Reflect  .   (no cloak)
rCorr    .         Harm     .   D - +2 pair of gloves
MR       +....                  j - +0 pair of boots
Stlth    ..........             (no amulet)
HPRegen  0.27/turn              w - ring of Discretion {rF++ MR+ Str+4 Dex-4 SInv}
MPRegen  0.15/turn              y - +2 ring of dexterity

@: no status effects
A: low mp 1, mutation resistance 1
a: Smiting, Recall Orcish Followers, Renounce Religion


You were on level 12 of the Dungeon.
You worshipped Beogh.
Beogh was greatly pleased with you.
You were full.

You visited 2 branches of the dungeon, and saw 13 of its levels.

You collected 613 gold pieces.

Inventory:

Hand Weapons
 a - a +1 vampiric war axe (weapon)
 E - a +1 war axe of electrocution
Missiles
 h - 3 tomahawks of returning (quivered)
 t - 2 exploding tomahawks
Armour
 b - a +0 scale mail (worn)
 j - a +0 pair of boots (worn)
 o - a +1 shield of positive energy (worn)
 D - a +2 pair of gloves (worn)
Jewellery
 p - an uncursed ring of protection from magic
 u - an uncursed ring of resist corrosion
 w - the ring of Discretion (left hand) {rF++ MR+ Str+4 Dex-4 SInv}
   (You found it on level 6 of the Dungeon)

   [ring of protection from magic]

   It affects your strength (+4).
   It affects your dexterity (-4).
   It greatly protects you from fire.
   It affects your resistance to hostile enchantments.
   It lets you see invisible.
 y - a +2 ring of dexterity (right hand)
Wands
 m - a wand of flame (22)
 v - a wand of disintegration (40)
 C - a wand of paralysis (12)
Scrolls
 g - 2 scrolls of fog
 n - 6 scrolls of remove curse
 x - a scroll of blinking
 A - 2 scrolls of magic mapping
Potions
 d - a potion of berserk rage
 e - a potion of brilliance
 k - 4 potions of invisibility
 l - 3 potions of lignification
 z - 3 potions of flight
 B - a potion of agility
Books
 q - a book of Callings

   Spells                             Type                      Level
   a - Summon Small Mammal            Summoning                    1
   b - Call Imp                       Summoning                    2
   c - Call Canine Familiar           Summoning                    3
   d - Summon Guardian Golem          Hexes/Summoning              3
   e - Summon Lightning Spire         Summoning/Air                4
   f - Summon Ice Beast               Ice/Summoning                4
 s - a book of Frost

   Spells                             Type                      Level
   a - Freeze                         Ice                          1
   b - Throw Frost                    Conjuration/Ice              2
   c - Ozocubu's Armour               Charms/Ice                   3
   d - Throw Icicle                   Conjuration/Ice              4
   e - Summon Ice Beast               Ice/Summoning                4
Miscellaneous
 r - a lightning rod (4/4)
Comestibles
 f - 17 rations


   Skills:
 + Level 9.3 Fighting
 * Level 13.1 Axes
 + Level 5.8 Throwing
 + Level 8.5 Armour
 + Level 9.8 Shields
 * Level 10.3 Invocations


You had 11 spell levels left.
You didn't know any spells.

Dungeon Overview and Level Annotations

Branches:
Dungeon (12/15)            Temple (1/1) D:4            Lair (0/6) D:11
    Orc (0/2) D:11

Altars:
Ashenzari
Cheibriados
Dithmenos
Elyvilon
Fedhas
Gozag
Hepliaklqana
Kikubaaqudgha
Makhleb
Nemelex Xobeh
Okawaru
Qazlal
Ru
Sif Muna
Trog
Uskayaw
Vehumet
Wu Jian
Xom
Yredelemnul
Zin
The Shining One

Shops:
D:4 =   D:9 [


Innate Abilities, Weirdness & Mutations

Your magical capacity is low. (-10% MP)
You are somewhat resistant to further mutation.


Message History

You block the phantasmal warrior's attack.
Your orc knight hits the freezing wraith but does no damage.
The freezing wraith hits you. The freezing wraith freezes you!
You block the freezing wraith's attack.
You closely miss the freezing wraith.
The freezing wraith is almost destroyed.
You barely miss the phantasmal warrior. The phantasmal warrior hits you!!
* * * LOW HITPOINT WARNING * * *
A death knight comes into view. It is wielding an enchanted glaive.
Unknown command.
You closely miss the freezing wraith.
The freezing wraith is almost destroyed.
You barely miss the phantasmal warrior.
The freezing wraith hits you but does no damage.
You block the freezing wraith's attack.
Your orc knight hits the freezing wraith with a dire flail!
The freezing wraith is destroyed!
Beogh accepts your kill. The phantasmal warrior hits you!
You die...

......## .......# #....#...
.# .......# #.......# .####
(......# #.......###....
.[.....# #..##.......# .
.......######......(..# #..
.........†..(##.†#)...#...#
........)......W(o).....###
....(####..())..@.....p...#
##..## ####.#.(...........
##.## #.....##.....[..
###..## #...........#....
......# #...#.###........
####....##.......####.>....
# .##..........# ...... .#
#.......... ..... .. .#.


You could see a death knight, a phantasmal warrior and a friendly orc knight.

Vanquished Creatures
  A centaur warrior (D:12)
  3 two-headed ogres
  2 unseen horrors
  Pikel (D:9)
  A manticore (D:11)
  Joseph (D:8)
  A troll (D:8)
  A meliai zombie (D:12)
  A hippogriff (D:9)
  Sigmund (D:4)
  10 yaks
  2 wyverns
  2 hungry ghosts
  An acid dragon (D:9)
  2 soldier ants (D:10)
  Duvessa (D:5)
  2 ice beasts
  2 sky beasts (D:5)
  2 black bears
  2 slaves (D:9)
  2 phantoms
  3 ogres
  2 crocodiles
  4 centaurs
  3 big kobolds
  3 bullfrogs
  Dowan (D:5)
  2 scorpions (D:6)
  5 killer bees
  2 howler monkeys (D:7)
  8 wights
  A bullfrog zombie (D:12)
  2 centaur zombies
  3 crimson imps
  A jelly (D:8)
  22 orc wizards
  7 orc priests
  A gnoll shaman (D:7)
  5 hounds
  A bullfrog skeleton (D:8)
  A centaur skeleton (D:12)
  4 iguanas
  12 worker ants
  A hound skeleton (D:5)
  Robin (D:4)
  14 adders
  4 gnolls (D:7)
  A shadow imp (D:7)
  An ooze (D:4)
  3 adder skeletons
  A worm (D:4)
  A dart slug (D:1)
  2 leopard geckos
  52 orcs
  3 ball pythons
  3 bats
  4 giant cockroaches
  15 goblins
  8 hobgoblins
  9 jackals
  21 kobolds
  2 quokkas
  10 frilled lizards
  A jackal skeleton (D:6)
  2 quokka skeletons
  2 quokka zombies
  6 rats
  A plant (D:4)
302 creatures vanquished.

Vanquished Creatures (collateral kills)
  The ghost of ThereIsNoGod the Grappler, a journeyman TrMo of Cheibriados (D:12)
  A fire crab (shapeshifter) (D:12)
  A centaur skeleton (D:12)
  A freezing wraith (D:12)
  2 trolls
  A hippogriff (D:11)
  A wyvern (D:12)
  An eye of draining (D:11)
  A swamp drake (D:11)
  A sky beast (D:11)
  2 orc warriors
  A phantom (D:10)
  A hornet zombie (D:12)
  A crocodile (D:11)
  2 wyvern zombies (D:12)
  A scorpion (D:10)
  2 killer bees (D:11)
  4 wights (D:12)
  A crimson imp (D:12)
  A jelly (D:10)
  An orc wizard (D:12)
  An orc priest (D:10)
  An iguana (D:12)
  A worker ant (D:12)
  An orc (D:11)
  2 kobolds (D:11)
  A quokka (D:12)
35 creatures vanquished.

Vanquished Creatures (others)
  An orc knight (D:12)
  An orc warrior (D:11)
  A komodo dragon (D:11)
  An orc wizard (D:10)
  11 orcs
15 creatures vanquished.

Grand Total: 352 creatures vanquished

Notes
Turn   | Place    | Note
-------+----------+-------------------------------------------
     0 | D:1      | vatarom the Hill Orc Fighter began the quest for the Orb.
     0 | D:1      | Reached XP level 1. HP: 19/19 MP: 1/1
   155 | D:1      | Reached skill level 3 in Axes
   183 | D:1      | Reached XP level 2. HP: 27/27 MP: 2/2
   391 | D:1      | Reached XP level 3. HP: 33/33 MP: 3/3
   864 | D:2      | Reached XP level 4. HP: 28/40 MP: 4/4
  1171 | D:2      | Found a sparkling altar of Nemelex Xobeh.
  1308 | D:3      | Reached skill level 4 in Axes
  1474 | D:3      | Gained mutation: You have a somewhat thin skeletal structure. (Dex +2, Stealth) [potion of mutation]
  1474 | D:3      | Gained mutation: You have supernaturally acute eyesight. (SInv) [potion of mutation]
  1691 | D:3      | Found a stormy altar of Qazlal.
  2095 | D:3      | Lost mutation: You have a somewhat thin skeletal structure. (Dex +2, Stealth) [potion of mutation]
  2095 | D:3      | Lost mutation: You have supernaturally acute eyesight. (SInv) [potion of mutation]
  2095 | D:3      | Gained mutation: Your magical capacity is low. (-10% MP) [potion of mutation]
  2095 | D:3      | Gained mutation: You are somewhat resistant to further mutation. [potion of mutation]
  2168 | D:4      | Noticed Sigmund
  2182 | D:4      | Killed Sigmund
  2182 | D:4      | Reached skill level 5 in Axes
  2182 | D:4      | Reached skill level 5 in Shields
  2182 | D:4      | Reached XP level 5. HP: 22/47 MP: 4/4
  2182 | D:4      | Reached XP level 6. HP: 24/53 MP: 5/5
  2600 | D:4      | Became a worshipper of Beogh the Brigand
  2695 | D:4      | Found a staircase to the Ecumenical Temple.
  2758 | Temple   | Entered the Ecumenical Temple
  2949 | D:4      | Found Erileith's Jewellery Shoppe.
  3509 | D:4      | Reached skill level 5 in Fighting
  3509 | D:4      | Reached XP level 7. HP: 38/61 MP: 6/6
  3730 | D:4      | Reached skill level 6 in Axes
  3778 | D:4      | Noticed Robin
  3792 | D:4      | Killed Robin
  3928 | D:5      | Entered Level 5 of the Dungeon
  4016 | D:5      | Reached * piety under Beogh
  4036 | D:5      | Reached skill level 1 in Throwing
  4136 | D:5      | Reached XP level 8. HP: 59/69 MP: 7/7
  4151 | D:5      | Reached skill level 7 in Axes
  4151 | D:5      | Reached skill level 5 in Armour
  4499 | D:5      | Noticed Duvessa
  4503 | D:5      | Noticed Dowan
  4512 | D:5      | Killed Duvessa
  4517 | D:5      | Killed Dowan
  4545 | D:5      | Reached skill level 8 in Axes
  5265 | D:6      | Reached ** piety under Beogh
  5396 | D:6      | Reached XP level 9. HP: 75/75 MP: 8/8
  5451 | D:6      | Got a crude copper ring
  5997 | D:7      | Reached skill level 9 in Axes
  6054 | D:7      | Reached skill level 1 in Invocations
  6569 | D:7      | Reached skill level 10 in Axes
  6570 | D:7      | Reached XP level 10. HP: 24/86 MP: 4/12
  7193 | D:8      | Reached skill level 5 in Invocations
  7385 | D:8      | Noticed a two-headed ogre
  7395 | D:8      | Killed a two-headed ogre
  7772 | D:8      | Noticed Joseph
  7785 | D:8      | Killed Joseph
  7785 | D:8      | Reached skill level 11 in Axes
  7874 | D:8      | Identified the ring of Discretion {rF++ MR+ Str+4 Dex-4 SInv} (You found it on level 6 of the Dungeon)
  7990 | D:8      | Noticed a two-headed ogre
  8002 | D:8      | Killed a two-headed ogre
  8624 | D:8      | Found a white marble altar of Elyvilon.
  8780 | D:9      | Found Tyaf's Armour Boutique.
  8981 | D:9      | Reached XP level 11. HP: 94/94 MP: 14/14
  9687 | D:9      | Noticed Pikel
  9718 | D:9      | Killed Pikel
  9718 | D:9      | Reached skill level 5 in Throwing
  9955 | D:10     | Entered Level 10 of the Dungeon
 10121 | D:10     | Noticed a two-headed ogre
 10134 | D:10     | Killed a two-headed ogre
 10134 | D:10     | Reached skill level 12 in Axes
 10182 | D:10     | Reached *** piety under Beogh
 10884 | D:11     | Noticed a manticore
 10890 | D:11     | Killed a manticore
 10891 | D:11     | Found a staircase to the Orcish Mines.
 11004 | D:11     | Noticed an unseen horror
 11022 | D:11     | Killed an unseen horror
 11443 | D:11     | Found a staircase to the Lair.
 11829 | D:12     | Noticed a centaur warrior
 11838 | D:12     | Killed a centaur warrior
 11838 | D:12     | Reached **** piety under Beogh
 11838 | D:12     | Gained Olfik as an ally
 11903 | D:12     | Noticed a fire crab
 11913 | D:12     | Killed a fire crab
 11913 | D:12     | Reached XP level 12. HP: 77/104 MP: 17/17
 11942 | D:12     | Noticed ThereIsNoGod's ghost (journeyman TrMo)
 11949 | D:12     | Killed ThereIsNoGod's ghost
 11949 | D:12     | Reached skill level 13 in Axes
 11949 | D:12     | Reached skill level 10 in Invocations
 12006 | D:12     | Your ally Olfik died
 12008 | D:12     | HP: 4/104 [phantasmal warrior[a death knight] (30)]
 12009 | D:12     | Noticed a death knight
 12009 | D:12     | Mangled by a phantasmal warrior

Skill      XL: |  1  2  3  4  5  6  7  8  9 10 11 12 |
---------------+-------------------------------------+-----
Axes           | 3 5 6 8 10 11 12 13 | 13.1
Fighting       | 4 5 6 7 8 9 |  9.3
Shields        | 4 5 6 7 8 9 |  9.8
Armour         | 4 5 6 7 8 |  8.5
Throwing       | 1 2 3 4 5 |  5.8
Invocations    | 4 7 9 10 | 10.3

Action                   |  1- 3 |  4- 6 |  7- 9 | 10-12 || total
-------------------------+-------+-------+-------+-------++-------
Melee: War axe           |   137 |   137 |   468 |   591 ||  1333
Throw: Tomahawk          |       |       |       |     1 ||     1
Invok: Convert to Beogh  |       |     1 |       |       ||     1
       Smiting           |       |       |     9 |    10 ||    19
Evoke: Wand              |       |       |       |     4 ||     4
  Use: Potion            |     2 |     5 |     6 |     3 ||    16
       Scroll            |     2 |     5 |     4 |    10 ||    21
 Stab: Invisible         |     1 |       |     5 |       ||     6
       Distracted        |       |       |       |     1 ||     1
  Eat: Chunk             |       |     5 |     4 |     1 ||    10
       Ration            |       |     1 |     5 |     7 ||    13
Armor: Scale mail        |    64 |    79 |   226 |   202 ||   571
Dodge: Dodged            |    36 |    25 |   119 |   160 ||   340
Block: Shield            |    75 |    56 |   280 |   349 ||   760
